 Dungeon Crawl Stone Soup version 0.19.1 (webtiles) character file.

9554 MudBrick the Cleaver (level 11, 0/145 HPs)
             Began as a Hill Orc Berserker on Dec 23, 2016.
             Was an Elder of Trog.
             Slain by a black mamba (12 damage)
             ... on level 1 of the Lair of Beasts.
             The game lasted 03:39:53 (22736 turns).

MudBrick the Cleaver (Hill Orc Berserker)          Turns: 22736, Time: 03:40:00

Health: 0/145      AC: 30    Str: 28    XL:     11   Next: 48%
Magic:  0/11       EV: 11    Int:  7    God:    Trog [****..]
Gold:   327        SH:  0    Dex: 11    Spells: 0 memorised, 10 levels left

rFire  . . .     SeeInvis .     A - +1 mace (protect)
rCold  . . .     Gourm    .     c - +0 chain mail
rNeg   . . .     Faith    .     (no shield)
rPois  .         Spirit   +     t - +2 helmet
rElec  .         Reflect  .     (no cloak)
rCorr  +         Harm     .     S - +0 pair of gloves
MR     ++...                    T - +0 pair of boots
Stlth  ..........               r - amulet of guardian spirit
                                R - ring of resist corrosion
                                n - +6 ring of protection

@: berserking, lethally poisoned (0 -> -1), protection aura, regenerating, very
quick
A: mutation resistance 1
a: Berserk, Trog's Hand, Brothers in Arms, Burn Spellbooks, Renounce Religion


You were on level 1 of the Lair of Beasts.
You worshipped Trog.
Trog was greatly pleased with you.
You were hungry.

You visited 3 branches of the dungeon, and saw 12 of its levels.

You collected 492 gold pieces.
You spent 165 gold pieces at shops.

Inventory:

Hand Weapons
 a - a +1 hand axe
 i - a +0 executioner's axe
 k - a +0 flail
 A - a +1 mace of protection (weapon)
 E - a +0 war axe
 F - a +0 halberd
 G - a +0 mace
 K - a +0 battleaxe
 L - a +0 quarterstaff
 N - a +0 morningstar
 P - a +0 trident
 V - a +0 flail of crushing
 X - a +0 glaive
Missiles
 g - 138 arrows
 h - 117 bolts
 j - 67 sling bullets
 l - 3 javelins of penetration (quivered)
 C - 24 poisoned needles
 H - 3 silver tomahawks
 J - 8 needles of sleeping
 M - 5 curare-tipped needles
Armour
 b - a +0 animal skin
 c - a +0 chain mail (worn)
 t - a +2 helmet (worn)
 u - a +0 ring mail
 v - a +0 scale mail
 S - a +0 pair of gloves (worn)
 T - a +0 pair of boots (worn)
 Y - a +0 plate armour
Jewellery
 d - an uncursed ring of flight
 n - a +6 ring of protection (left hand)
 r - an amulet of guardian spirit (around neck)
 w - an uncursed amulet of rage
 y - an uncursed ring of stealth
 R - a ring of resist corrosion (right hand)
Wands
 D - a wand of random effects (34/48)
 O - a wand of lightning (12/15)
 Q - a wand of random effects (17/48)
 W - a wand of slowing (5/48)
Scrolls
 o - 7 scrolls of remove curse
 s - 2 scrolls of identify
 z - a scroll of magic mapping
 I - a scroll of enchant weapon
 U - a scroll of enchant armour
Potions
 f - a potion of lignification
 p - a potion of flight
 x - a potion of brilliance


   Skills:
 + Level 9.3 Fighting
 + Level 14.9(15.2) Axes
 + Level 4.7(9.7) Maces & Flails
 + Level 9.6 Armour
 + Level 4.6 Dodging
 + Level 1.5 Stealth
 + Level 0.2 Evocations


You had 10 spell levels left.
You didn't know any spells.

Dungeon Overview and Level Annotations

Branches:
Dungeon (10/15)            Temple (1/1) D:7            Lair (1/6) D:10
    Orc: D:9-12

Altars:
Ashenzari
Cheibriados
Dithmenos
Elyvilon
Fedhas
Gozag
Hepliaklqana
Kikubaaqudgha
Makhleb
Nemelex Xobeh
Okawaru
Qazlal
Ru
Sif Muna
Trog
Uskayaw
Vehumet
Xom
Yredelemnul
Zin
The Shining One

Shops:
D:6 %   D:9 (


Innate Abilities, Weirdness & Mutations

You are somewhat resistant to further mutation.


Message History

* * * LOW HITPOINT WARNING * * *
You are poisoned.
The black mamba poisons you!
The black mamba bites you but does no damage.
You miss the black mamba.
The black mamba is heavily wounded.
You feel sick. The black mamba bites you.
* * * LOW HITPOINT WARNING * * *
Your skin crawls.
You feel resistant to hostile enchantments.
You feel quite a bit more hungry.
You feel sick. The black mamba bites you!
* * * LOW HITPOINT WARNING * * *
The black mamba bites you but does no damage.
A red film seems to cover your vision as you go berserk!
You feel yourself moving faster!
You feel mighty!
You are feeling hungry.
You feel sick.
The black mamba bites you but does no damage.
The black mamba bites you!
You die...

......###............P#..........
.................................
.#..#..#...#.......##...#.....#.#
#.....##...##...........#.....#.#
...........###..........P.....#..
............#....................
............##...................
#......#.........................
#.....##.......S@...............#
......###..............#P.....###
##.....#.....###..###............
##.....##....####................
.....>.##?....# #................
#P.....##....####................
##......†.........##.............
#............####.###.#..........
..............##..#.#............


You could see a black mamba.

Vanquished Creatures
  A spiny frog (Lair:1)
  A troll (D:9)
  2 hippogriffs
  2 vampires (D:9)
  6 yaks (Lair:1)
  A wyvern (D:9)
  A hungry ghost (D:7)
  2 wargs (D:10)
  Menkaure (D:5)
  2 water moccasins (Lair:1)
  A porcupine (Lair:1)
  3 ice beasts
  3 black bears
  6 orc warriors
  3 sky beasts
  5 phantoms
  2 necrophages
  5 ogres
  2 centaurs
  8 wolves (Lair:1)
  A crocodile (Lair:1)
  8 bullfrogs
  A wyvern zombie (D:7)
  A scorpion (D:5)
  5 killer bees (D:10)
  A water moccasin skeleton (D:10)
  2 electric eels (D:10)
  4 howler monkeys
  4 crimson imps
  4 jellies
  3 centaur skeletons
  9 hounds
  2 bullfrog skeletons
  10 orc priests
  3 iguanas
  12 orc wizards
  10 worker ants
  2 hound zombies
  2 hound skeletons
  A worker ant zombie (D:5)
  10 adders
  8 gnolls
  A howler monkey skeleton (D:4)
  3 shadow imps
  3 oozes
  3 adder skeletons
  4 worms
  A dart slug (D:3)
  A leopard gecko (D:3)
  42 orcs
  3 ball pythons
  7 giant cockroaches
  7 goblins
  8 hobgoblins
  19 jackals
  12 kobolds
  5 quokkas
  10 bats
  4 frilled lizards
  A jackal zombie (D:5)
  2 leopard gecko skeletons (D:4)
  A leopard gecko zombie (D:5)
  5 rats
  7 plants (D:10)
309 creatures vanquished.

Vanquished Creatures (collateral kills)
  A spiny frog (Lair:1)
1 creature vanquished.

Vanquished Creatures (others)
  A fungus (Lair:1)
  5 plants (D:10)
6 creatures vanquished.

Grand Total: 316 creatures vanquished

Notes
Turn   | Place    | Note
-------+----------+-------------------------------------------
     0 | D:1      | MudBrick the Hill Orc Berserker began the quest for the Orb.
     0 | D:1      | Reached XP level 1. HP: 19/19 MP: 1/1
   144 | D:1      | Reached XP level 2. HP: 22/27 MP: 2/2
  1124 | D:2      | Reached XP level 3. HP: 30/33 MP: 3/3
  1498 | D:1      | Reached ** piety under Trog
  2277 | D:2      | Reached XP level 4. HP: 41/41 MP: 4/4
  2705 | D:2      | Reached skill level 5 in Axes
  5531 | D:3      | Reached XP level 5. HP: 47/47 MP: 5/5
  6128 | D:4      | Reached skill level 5 in Fighting
  6165 | D:4      | Reached skill level 6 in Axes
  6208 | D:4      | Reached XP level 6. HP: 56/56 MP: 6/6
  8104 | D:5      | Entered Level 5 of the Dungeon
  8173 | D:5      | Reached skill level 7 in Axes
  8213 | D:5      | Reached XP level 7. HP: 56/61 MP: 3/7
  8333 | D:5      | Noticed Menkaure
  8347 | D:5      | Killed Menkaure
  8621 | D:5      | Reached skill level 8 in Axes
  8791 | D:5      | Reached *** piety under Trog
  8987 | D:5      | Found a shattered altar of Ashenzari.
  9271 | D:5      | Reached skill level 5 in Armour
  9279 | D:5      | Reached XP level 8. HP: 70/70 MP: 8/8
  9558 | D:5      | Reached skill level 9 in Axes
 11229 | D:6      | Reached skill level 10 in Axes
 11413 | D:6      | Found a stormy altar of Qazlal.
 11417 | D:6      | Found a snail-covered altar of Cheibriados.
 12431 | D:6      | Found Peugg's Food Boutique.
 14314 | D:6      | Reached XP level 9. HP: 70/78 MP: 7/9
 14455 | D:6      | Reached skill level 11 in Axes
 14455 | D:6      | Reached skill level 1 in Stealth
 15330 | D:7      | Reached **** piety under Trog
 16032 | D:7      | Found a staircase to the Ecumenical Temple.
 16142 | D:7      | Reached skill level 12 in Axes
 16346 | D:6      | Bought a beef jerky for 18 gold pieces
 16346 | D:6      | Bought a beef jerky for 18 gold pieces
 16348 | D:6      | Bought a beef jerky for 18 gold pieces
 16348 | D:6      | Bought a beef jerky for 18 gold pieces
 16730 | Temple   | Entered the Ecumenical Temple
 17820 | D:8      | Reached XP level 10. HP: 82/86 MP: 8/10
 18724 | D:9      | Reached skill level 13 in Axes
 18806 | D:9      | Found a shimmering altar of Xom.
 18843 | D:9      | Found Keimuser's Weapon Shop.
 19592 | D:9      | Bought a +0 flail of crushing for 93 gold pieces
 19822 | D:9      | Gained mutation: You are somewhat resistant to further mutation. [potion of mutation]
 20092 | D:10     | Entered Level 10 of the Dungeon
 20142 | D:10     | Found a staircase to the Lair.
 20163 | D:10     | Reached skill level 14 in Axes
 20871 | D:10     | Reached XP level 11. HP: 81/95 MP: 9/11
 21437 | D:10     | Reached skill level 1 in Maces & Flails
 22008 | Lair:1   | Entered Level 1 of the Lair of Beasts
 22414 | Lair:1   | Found an ancient bone altar of Kikubaaqudgha.
 22736 | Lair:1   | Slain by a black mamba

Skill      XL: |  1  2  3  4  5  6  7  8  9 10 11 |
---------------+----------------------------------+-----
Fighting       | 4 5 6 7 8 9 |  9.3
Axes           | 5 6 7 8 10 12 14 | 14.9
Armour         | 3 4 5 6 7 9 |  9.6
Dodging        | 2 3 4 |  4.6
Stealth        | 1 |  1.5
Maces & Flails | 4 |  4.7
Evocations     | |  0.2

Action                   |  1- 3 |  4- 6 |  7- 9 | 10-12 || total
-------------------------+-------+-------+-------+-------++-------
Melee: Hand axe          |   119 |   262 |   215 |    48 ||   644
       Battleaxe         |       |       |   200 |    57 ||   257
       Executioner's axe |       |       |       |   187 ||   187
       Mace              |       |       |       |   438 ||   438
Invok: Berserk           |     4 |     5 |     6 |    10 ||    25
       Trog's Hand       |     1 |     2 |     2 |    12 ||    17
       Burn Spellbooks   |       |       |     1 |       ||     1
       Brothers in Arms  |       |       |       |     1 ||     1
 Abil: Evoke Flight      |     1 |       |       |       ||     1
Evoke: Wand              |       |       |     2 |     1 ||     3
  Use: Scroll            |     4 |     8 |     6 |     5 ||    23
       Potion            |     1 |     6 |     2 |     6 ||    15
  Eat: Chunk             |     2 |     1 |     1 |       ||     4
       Bread ration      |     1 |     3 |     3 |     1 ||     8
       Meat ration       |     1 |     1 |     4 |     2 ||     8
       Royal jelly       |       |     1 |       |       ||     1
       Fruit             |       |     4 |       |       ||     4
       Pizza             |       |       |     4 |     5 ||     9
       Beef jerky        |       |       |     3 |     1 ||     4
Armor: Animal skin       |     7 |       |       |       ||     7
       Chain mail        |    62 |   113 |   197 |   486 ||   858
       Ring mail         |       |    57 |    52 |       ||   109
Dodge: Dodged            |    56 |   127 |   229 |   349 ||   761
